 Dungeon Crawl Stone Soup version 0.19.0 (webtiles) character file.

63 AlphabetPasta the Magician (level 3, -9/21 HPs)
             Began as a Deep Elf Transmuter on Nov 11, 2016.
             Was an Initiate of Ashenzari.
             Mangled by Crazy Yiuf
             ... wielding a +3 quarterstaff of chaos
              (13 damage)
             ... on level 2 of the Dungeon.
             The game lasted 00:09:59 (2302 turns).

AlphabetPasta the Magician (Deep Elf Transmuter)    Turns: 2302, Time: 00:10:00

Health: -9/21      AC:  3    Str:  8    XL:     3   Next: 87%
Magic:  17/18      EV: 19    Int: 17    God:    Ashenzari [......]
Gold:   74         SH:  0    Dex: 20    Spells: 3 memorised, 2 levels left

rFire  . . .     SeeInvis .       - Unarmed
rCold  . . .     Gourm    .     b - +1 robe
rNeg   . . .     Faith    .     (no shield)
rPois  .         Spirit   .     (no helmet)
rElec  .         Reflect  .     (no cloak)
rCorr  .         Harm     .     (no gloves)
MR     .....                    (boots currently unavailable)
Stlth  +++.......               (no amulet)
                                (no ring)
                                g - ring of magical power

@: agile, appendage
A: talons 3
a: End Transformation, Curse Item, Renounce Religion


You were on level 2 of the Dungeon.
You worshipped Ashenzari.
Ashenzari was noncommittal.
You were not hungry.
You had grown temporary talons.
You visited 1 branch of the dungeon, and saw 2 of its levels.

You collected 74 gold pieces.

Inventory:

Missiles
 a - 43 arrows
Armour
 b - a +1 robe (worn)
Jewellery
 g - a ring of magical power (left hand)
Scrolls
 e - 3 scrolls of identify
 f - a scroll of teleportation
 h - a scroll of enchant armour
 i - a scroll of magic mapping
Potions
 k - a potion of curing
Books
 c - a book of Changes

   Spells                             Type                      Level
   a - Beastly Appendage              Transmutation                1
   b - Sticks to Snakes               Transmutation                2
   c - Spider Form                    Transmutation/Poison         3
   d - Ice Form                       Ice/Transmutation            4
   e - Blade Hands                    Transmutation                5
Comestibles
 d - 2 bread rations
 j - a chunk of flesh


   Skills:
 * Level 1.9 Fighting
 + Level 2.8 Dodging
 * Level 2.9 Unarmed Combat
 + Level 3.4 Spellcasting
 * Level 2.5 Transmutations


You had 2 spell levels left.
You knew the following spells:

 Your Spells              Type           Power        Failure   Level  Hunger
a - Beastly Appendage     Tmut           ##....       10%         1    None
b - Sticks to Snakes      Tmut           ##......     12%         2    ##.....
c - Spider Form           Tmut/Pois      #.........   30%         3    ###....


Dungeon Overview and Level Annotations

Branches:
Dungeon (2/15)

Altars:
Ashenzari
Dithmenos
Fedhas
Kikubaaqudgha

Annotations:
D:2 Crazy Yiuf


Innate Abilities, Weirdness & Mutations

You have claws for feet.


Message History

Crazy Yiuf yells, "Tosser alas verde!"
Crazy Yiuf hits you with a quarterstaff of chaos.
You hit Crazy Yiuf but do no damage. You claw Crazy Yiuf, but do no damage.
Crazy Yiuf is heavily wounded.
Crazy Yiuf misses you.
You hit Crazy Yiuf. You claw Crazy Yiuf, but do no damage.
Crazy Yiuf is severely wounded.
Crazy Yiuf twirls on the spot.
Crazy Yiuf misses you.
You hit Crazy Yiuf but do no damage. Your kick misses Crazy Yiuf.
Crazy Yiuf is severely wounded.
Crazy Yiuf hits you with a quarterstaff of chaos.
* * * LOW HITPOINT WARNING * * *
You hit Crazy Yiuf.
Crazy Yiuf is almost dead.
You barely miss Crazy Yiuf.
Crazy Yiuf is almost dead.
Crazy Yiuf hits you with a quarterstaff of chaos!
Ouch! That really hurt!
You die...

......#...........#.........###'#
..................#....#.#..# #.#
..........################..###+#
#.........# #....... ##........#
#....... .##....#..#### **###
#....... .)#........#P## ###..)#
#....... ..#.........PP####.'...#
#......[ ..#..........P.#@g##...#
#......# .##........##.#.###**###
#...#### ##........####### #...##
# #.#####...# #....###
....###...################....##.
......'.......'...'.#..<..##..#_.
....###.......#...#+#.^.......##.
....###.......#.......#......>###
.......#......#...(...#.......# #


You could see Crazy Yiuf.

Vanquished Creatures
  Ijyb (D:2)
  An adder (D:2)
  A dart slug (D:1)
  2 giant cockroaches (D:1)
  3 goblins (D:1)
  3 hobgoblins (D:1)
  2 jackals (D:1)
  2 kobolds
  A quokka (D:2)
  4 bats
  5 frilled lizards
  5 rats
  A fungus (D:2)
31 creatures vanquished.

Vanquished Creatures (collateral kills)
  An adder (D:2)
  A hobgoblin (D:2)
2 creatures vanquished.

Grand Total: 33 creatures vanquished

Notes
Turn   | Place    | Note
-------+----------+-------------------------------------------
     0 | D:1      | AlphabetPasta the Deep Elf Transmuter began the quest for the Orb.
     0 | D:1      | Reached XP level 1. HP: 11/11 MP: 6/6
   276 | D:1      | Reached skill level 1 in Fighting
   490 | D:1      | Reached XP level 2. HP: 12/16 MP: 6/8
   497 | D:1      | Learned a level 2 spell: Sticks to Snakes
  1356 | D:2      | Reached XP level 3. HP: 16/20 MP: 3/9
  1513 | D:2      | Learned a level 3 spell: Spider Form
  1609 | D:2      | Found a shadowy altar of Dithmenos.
  1702 | D:2      | Noticed Ijyb
  1721 | D:2      | Killed Ijyb
  1879 | D:2      | Found a blossoming altar of Fedhas.
  1879 | D:2      | Found a faded altar of an unknown god.
  1884 | D:2      | Found a faded altar of an unknown god.
  1886 | D:2      | Found a faded altar of an unknown god.
  1888 | D:2      | Found a faded altar of an unknown god.
  2158 | D:2      | Found a shattered altar of Ashenzari.
  2159 | D:2      | Found an ancient bone altar of Kikubaaqudgha.
  2176 | D:2      | Became a worshipper of Ashenzari the Shackled
  2272 | D:2      | Found a runed door.
  2279 | D:2      | Noticed Crazy Yiuf
  2302 | D:2      | Mangled by Crazy Yiuf

Skill      XL: |  1 |
---------------+----+-----
Fighting       | 1 |  1.9
Dodging        | |  2.8
Unarmed Combat | |  2.9
Spellcasting   | |  3.4
Transmutations | |  2.5

Action                   || total
-------------------------++-------
Melee: Unarmed           ||   153
       Headbutt          ||    14
       Kick              ||    11
 Cast: Beastly Appendage ||    24
       Sticks to Snakes  ||    11
  Use: Scroll            ||     8
       Potion            ||     1
 Stab: Sleeping          ||     2
  Eat: Chunk             ||     5
Armor: Robe              ||    21
Dodge: Dodged            ||    88
